[Event "Gibraltar ChallWk1 13th"]
[Site "Gibraltar"]
[Date "2015.01.27"]
[Round "2.3"]
[White "Daneri, Martin"]
[Black "Longa Yauca, Javier"]
[Result "0-1"]
[ECO "A03"]
[WhiteElo "2123"]
[BlackElo "2245"]
[PlyCount "106"]
[EventDate "2015.01.26"]
[EventType "swiss"]
[EventRounds "5"]
[EventCountry "GGB"]
[SourceTitle "BritBase"]
[Source "www.saund.co.uk"]
[SourceDate "2018.02.10"]
[SourceVersion "1"]
[SourceVersionDate "2018.02.10"]
[SourceQuality "1"]
[TimeControl "7200+1125"]
[WhiteClock "0:07:18"]
[BlackClock "0:06:14"]

1. f4 Nf6 2. Nf3 d5 3. g3 c5 4. Bg2 Nc6 5. O-O Bf5 6. d3 e6 7. c4 Be7 8. Nc3
O-O 9. Ne5 dxc4 10. Bxc6 bxc6 11. Nxc6 Qc7 12. Nxe7+ Qxe7 13. dxc4 Rab8 14. Qe1
Qb7 15. e4 Bxe4 16. Nxe4 Qxe4 17. Qxe4 Nxe4 18. b3 Rbd8 19. Re1 f5 20. Be3 Rd3
21. Rad1 Rfd8 22. Rxd3 Rxd3 23. Kf1 Rc3 24. Re2 Kf7 25. Ke1 h6 26. Kd1 g5 27.
Bc1 Rf3 28. Kc2 Kg6 29. Be3 Kh5 30. b4 cxb4 31. c5 gxf4 32. gxf4 Nxc5 33. Bxc5
Rc3+ 34. Kb2 Rxc5 35. Rxe6 Rc4 36. Ra6 Rxf4 37. Rxa7 Rh4 38. Kb3 Rxh2 39. Kxb4
f4 40. Rf7 Kg5 41. Kb3 Rh3+ 42. Kb2 Re3 43. a4 Kg4 44. Rg7+ Kf3 45. a5 Re6 46.
Kc3 Kf2 47. Kc4 f3 48. Kb5 Ke2 49. a6 f2 50. a7 Re8 51. Re7+ Rxe7 52. a8=Q f1=Q
53. Qa2+ Ke1+ 0-1

[Event "Gibraltar ChallWk1 13th"]
[Site "Gibraltar"]
[Date "2015.01.27"]
[Round "2.4"]
[White "O'Toole, George E"]
[Black "Rodriguez Alvarez, Vidal"]
[Result "0-1"]
[ECO "B22"]
[WhiteElo "2242"]
[BlackElo "2122"]
[PlyCount "88"]
[EventDate "2015.01.26"]
[EventType "swiss"]
[EventRounds "5"]
[EventCountry "GGB"]
[SourceTitle "BritBase"]
[Source "www.saund.co.uk"]
[SourceDate "2018.02.10"]
[SourceVersion "1"]
[SourceVersionDate "2018.02.10"]
[SourceQuality "1"]
[TimeControl "7200+12750"]
[WhiteClock "0:02:26"]
[BlackClock "0:03:28"]

1. e4 c5 2. c3 Nf6 3. e5 Nd5 4. d4 cxd4 5. Nf3 d6 6. cxd4 Nc6 7. Bc4 e6 8. O-O
Be7 9. a3 O-O 10. Bd2 Qb6 11. Nc3 dxe5 12. Bxd5 exd5 13. Nxd5 Qd8 14. Nxe7+
Nxe7 15. dxe5 Bg4 16. Bb4 Re8 17. Qb3 Qb6 18. Ng5 Bh5 19. Qh3 Bg6 20. Rad1 h6
21. Nf3 Nc6 22. Bc3 Rad8 23. Rxd8 Qxd8 24. Qg4 Qd3 25. Re1 Bf5 26. Qf4 g5 27.
Qg3 Re6 28. h3 Rg6 29. Re3 Qd1+ 30. Kh2 Be6 31. Nd2 Ne7 32. Rd3 Nf5 33. Qg4 Qc1
34. Qa4 Kh7 35. Qe4 h5 36. g3 Nh6 37. Rf3 Bxh3 38. e6 Ng4+ 39. Qxg4 Bxg4 40.
exf7 Bxf3 41. Nxf3 Rg8 42. Bd2 Qc8 43. fxg8=Q+ Kxg8 44. Nxg5 Qc2 0-1

[Event "Gibraltar ChallWk1 13th"]
[Site "Gibraltar"]
[Date "2015.01.27"]
[Round "2.5"]
[White "Kandic, Milan"]
[Black "Vea, Odin Blikra"]
[Result "0-1"]
[ECO "B78"]
[WhiteElo "2101"]
[BlackElo "2242"]
[PlyCount "138"]
[EventDate "2015.01.26"]
[EventType "swiss"]
[EventRounds "5"]
[EventCountry "GGB"]
[SourceTitle "BritBase"]
[Source "www.saund.co.uk"]
[SourceDate "2018.02.10"]
[SourceVersion "1"]
[SourceVersionDate "2018.02.10"]
[SourceQuality "1"]
[TimeControl "7200+1610"]
[WhiteClock "0:00:20"]
[BlackClock "0:48:50"]

1. e4 c5 2. Nf3 d6 3. d4 cxd4 4. Nxd4 Nf6 5. Nc3 g6 6. Be3 Bg7 7. f3 O-O 8. Qd2
Nc6 9. Bc4 Bd7 10. O-O-O Rc8 11. Bb3 Nxd4 12. Bxd4 b5 13. Bxa7 b4 14. Nd5 Nxd5
15. exd5 Qa5 16. Bd4 Ba4 17. Qe3 Bxb3 18. Qxb3 Rc7 19. Bxg7 Kxg7 20. Rhe1 Rfc8
21. Re2 Qc5 22. f4 Ra8 23. Rde1 Rca7 24. c3 bxc3 25. Qxc3+ Qxc3+ 26. bxc3 Rxa2
27. Rxa2 Rxa2 28. Rxe7 Rxg2 29. Rd7 Rxh2 30. Rxd6 Rf2 31. Rb6 h5 32. d6 Kf6 33.
d7+ Ke7 34. Rf6 Kxd7 35. Rxf7+ Ke6 36. Rf8 Ke7 37. Rg8 Kf7 38. Rh8 Rxf4 39. Kd2
h4 40. Ke3 g5 41. Rh7+ Kg6 42. Rh8 Rc4 43. Kd3 Rg4 44. c4 Rg3+ 45. Kd4 h3 46.
c5 g4 47. c6 Rg1 48. c7 Rc1 49. c8=Q Rxc8 50. Rxc8 h2 51. Rh8 g3 52. Rg8+ Kf7
53. Rxg3 h1=Q 54. Re3 Kf6 55. Kd3 Kf5 56. Kd4 Qg2 57. Kd3 Kf4 58. Re2 Qd5+ 59.
Kc3 Qc5+ 60. Kd3 Qa3+ 61. Kd4 Kf3 62. Rc2 Qe3+ 63. Kc4 Ke4 64. Rc3 Qd2 65. Rb3
Qd4+ 66. Kb5 Kd5 67. Rb4 Qc3 68. Ra4 Qc5+ 69. Ka6 Kc6 0-1

[Event "Gibraltar ChallWk1 13th"]
[Site "Gibraltar"]
[Date "2015.01.27"]
[Round "2.6"]
[White "Galmandakh, Badrakh"]
[Black "Amgalanbaatar, Ravdanlkhumbuu"]
[Result "1/2-1/2"]
[ECO "B52"]
[WhiteElo "2240"]
[BlackElo "2117"]
[PlyCount "110"]
[EventDate "2015.01.26"]
[EventType "swiss"]
[EventRounds "5"]
[EventCountry "GGB"]
[SourceTitle "BritBase"]
[Source "www.saund.co.uk"]
[SourceDate "2018.02.10"]
[SourceVersion "1"]
[SourceVersionDate "2018.02.10"]
[SourceQuality "1"]
[TimeControl "7200+24000"]
[WhiteClock "1:31:39"]
[BlackClock "1:35:58"]

1. e4 c5 2. Nf3 d6 3. Bb5+ Bd7 4. Bxd7+ Qxd7 5. c4 g6 6. O-O Bg7 7. d4 cxd4 8.
Nxd4 Nc6 9. Be3 Nf6 10. f3 O-O 11. Nc3 Rac8 12. b3 a6 13. Rc1 Rfd8 14. Na4 Rb8
15. Nb6 Qc7 16. Nd5 Qd7 17. Nb6 Qc7 18. Nb5 axb5 19. cxb5 d5 20. bxc6 bxc6 21.
Nxd5 Nxd5 22. exd5 Qe5 23. Re1 Qxd5 24. Qc2 Qa5 25. Re2 Rbc8 26. Bc5 e6 27. b4
Qa6 28. a4 Rd5 29. a5 Qb5 30. Qc4 Qa4 31. Ra2 Rd1+ 32. Rxd1 Qxd1+ 33. Kf2 Rd8
34. a6 Rd2+ 35. Rxd2 Qxd2+ 36. Kg1 Qd1+ 37. Qf1 Bd4+ 38. Bxd4 Qxd4+ 39. Kh1 h5
40. Qg1 Qc3 41. a7 Qa3 42. Qb6 Qa1+ 43. Qg1 Qa3 44. h3 h4 45. Qd4 g5 46. Qd8+
Kh7 47. Qxg5 Qxa7 48. Qxh4+ Kg7 49. Qg5+ Kf8 50. h4 Qd4 51. Qg4 Qd1+ 52. Kh2
Qe1 53. h5 f5 54. Qg6 Qh4+ 55. Kg1 Qe1+ 1/2-1/2

[Event "Gibraltar ChallWk1 13th"]
[Site "Gibraltar"]
[Date "2015.01.27"]
[Round "2.7"]
[White "Scharrer, Patrick"]
[Black "Osuna Vega, Enrique"]
[Result "0-1"]
[ECO "C41"]
[WhiteElo "2231"]
[BlackElo "2108"]
[PlyCount "64"]
[EventDate "2015.01.26"]
[EventType "swiss"]
[EventRounds "5"]
[EventCountry "GGB"]
[SourceTitle "BritBase"]
[Source "www.saund.co.uk"]
[SourceDate "2018.02.10"]
[SourceVersion "1"]
[SourceVersionDate "2018.02.10"]
[SourceQuality "1"]
[TimeControl "7200+1880"]
[WhiteClock "0:00:20"]
[BlackClock "0:01:18"]

1. e4 d6 2. d4 Nf6 3. Nc3 e5 4. Nf3 Nbd7 5. Bc4 Be7 6. O-O O-O 7. Re1 c6 8. a4
a5 9. h3 Nb6 10. Bb3 Nfd7 11. Be3 exd4 12. Nxd4 Nc5 13. Qf3 Nxb3 14. cxb3 Be6
15. Rad1 Nd7 16. Qg3 Kh8 17. Re2 Qc7 18. f4 Nf6 19. Qf3 c5 20. Ncb5 Qb6 21.
Nxe6 fxe6 22. f5 d5 23. fxe6 dxe4 24. Qg3 Qxe6 25. Nc7 Qxb3 26. Rc1 Rad8 27.
Rc3 Rd1+ 28. Kh2 Qxa4 29. Ne6 Bd6 30. Bf4 Nh5 31. Qg4 Bxf4+ 32. g3 Qa1 0-1

[Event "Gibraltar ChallWk1 13th"]
[Site "Gibraltar"]
[Date "2015.01.27"]
[Round "2.8"]
[White "Schouten, Freek"]
[Black "Urbina Perez, Juan Antonio"]
[Result "0-1"]
[ECO "D02"]
[WhiteElo "2039"]
[BlackElo "2221"]
[PlyCount "90"]
[EventDate "2015.01.26"]
[EventType "swiss"]
[EventRounds "5"]
[EventCountry "GGB"]
[SourceTitle "BritBase"]
[Source "www.saund.co.uk"]
[SourceDate "2018.02.10"]
[SourceVersion "1"]
[SourceVersionDate "2018.02.10"]
[SourceQuality "1"]
[TimeControl "7200+1195"]
[WhiteClock "0:00:20"]
[BlackClock "0:05:55"]

1. d4 d5 2. Nf3 Nf6 3. g3 c5 4. c3 e6 5. Bg2 Nc6 6. O-O Qb6 7. e3 Bd7 8. Nbd2
Bd6 9. Re1 O-O 10. Qb3 cxd4 11. exd4 Qc7 12. Nf1 Rac8 13. Be3 Na5 14. Qc2 b5
15. Qd3 Nc4 16. Re2 a5 17. Rc1 Qb6 18. b3 Nxe3 19. Nxe3 Rc7 20. Ne5 Bc8 21.
Rec2 Ba6 22. Kh1 Rfc8 23. f3 h6 24. Bf1 Bxe5 25. dxe5 Nd7 26. Qd4 Qb7 27. Kg2
Nb8 28. h4 Nc6 29. Qf4 Ne7 30. Bd3 b4 31. c4 dxc4 32. Bxc4 Bxc4 33. Rxc4 Rxc4
34. Rxc4 Rd8 35. h5 Qd7 36. Kh3 Qd3 37. g4 Qd2 38. Ng2 Qd1 39. Rc7 Kf8 40. Qe4
Nd5 41. Ra7 Nc3 42. Qh7 Qh1+ 43. Kg3 Ne2+ 44. Kf2 Qg1+ 45. Kxe2 Qxg2+ 0-1

[Event "Gibraltar ChallWk1 13th"]
[Site "Gibraltar"]
[Date "2015.01.27"]
[Round "2.9"]
[White "Perez Garcia, Alejandro"]
[Black "Verneuil, Pascal"]
[Result "1/2-1/2"]
[ECO "A21"]
[WhiteElo "2207"]
[BlackElo "2093"]
[PlyCount "83"]
[EventDate "2015.01.26"]
[EventType "swiss"]
[EventRounds "5"]
[EventCountry "GGB"]
[SourceTitle "BritBase"]
[Source "www.saund.co.uk"]
[SourceDate "2018.02.10"]
[SourceVersion "1"]
[SourceVersionDate "2018.02.10"]
[SourceQuality "1"]
[TimeControl "7200+4990"]
[WhiteClock "0:00:17"]
[BlackClock "1:00:20"]

1. c4 e5 2. Nc3 d6 3. g3 f5 4. Bg2 Nf6 5. d3 Be7 6. Rb1 O-O 7. b4 Qe8 8. a4 Kh8
9. a5 Bd8 10. Qc2 Nc6 11. Bd2 Nd4 12. Qa2 e4 13. Be3 c5 14. Bxd4 cxd4 15. Nb5
exd3 16. Nxd6 Qe5 17. c5 Be6 18. Qb2 Bd5 19. Bxd5 Qxd5 20. Nf3 Ne4 21. Qb3 Qxb3
22. Rxb3 b6 23. exd3 Nxd6 24. cxd6 bxa5 25. O-O axb4 26. Rxb4 a5 27. Ra4 Ra6
28. d7 Ra7 29. Ne5 Bf6 30. f4 Bxe5 31. fxe5 Rxd7 32. Rxa5 g6 33. Kg2 Rc8 34.
Kf3 Kg7 35. Kf4 Rc2 36. h4 Rd2 37. Rf3 Re2 38. Ra6 Re7 39. Ra5 Rd7 40. Ra6 Re7
41. Ra5 Rd7 42. Ra6 1/2-1/2

[Event "Gibraltar ChallWk1 13th"]
[Site "Gibraltar"]
[Date "2015.01.27"]
[Round "2.10"]
[White "Nilsen, Martin"]
[Black "Janev, Pavel"]
[Result "0-1"]
[ECO "B40"]
[WhiteElo "2011"]
[BlackElo "2196"]
[PlyCount "42"]
[EventDate "2015.01.26"]
[EventType "swiss"]
[EventRounds "5"]
[EventCountry "GGB"]
[SourceTitle "BritBase"]
[Source "www.saund.co.uk"]
[SourceDate "2018.02.10"]
[SourceVersion "1"]
[SourceVersionDate "2018.02.10"]
[SourceQuality "1"]
[TimeControl "6600+2205"]
[WhiteClock "0:00:15"]
[BlackClock "0:55:17"]

1. e4 c5 2. b3 Nc6 3. Bb2 e6 4. Nf3 Nf6 5. Nc3 d5 6. exd5 exd5 7. Bb5 d4 8. Ne5
dxc3 9. Qe2 Qxd2+ 10. Qxd2 cxd2+ 11. Kxd2 Bd7 12. Bxc6 Bxc6 13. Nxc6 bxc6 14.
Rhe1+ Be7 15. Kd3 O-O-O+ 16. Kc4 Nd5 17. Bxg7 Rhg8 18. Be5 Rg4+ 19. f4 Nxf4 20.
Kc3 Ng6 21. Bg7 Rg8 0-1

[Event "Gibraltar ChallWk1 13th"]
[Site "Gibraltar"]
[Date "2015.01.27"]
[Round "2.11"]
[White "Agrest, Inna"]
[Black "Yu, Jonathan"]
[Result "1-0"]
[ECO "C15"]
[WhiteElo "2179"]
[BlackElo "2081"]
[PlyCount "61"]
[EventDate "2015.01.26"]
[EventType "swiss"]
[EventRounds "5"]
[EventCountry "GGB"]
[SourceTitle "BritBase"]
[Source "www.saund.co.uk"]
[SourceDate "2018.02.10"]
[SourceVersion "1"]
[SourceVersionDate "2018.02.10"]
[SourceQuality "1"]
[TimeControl "7200+845"]
[WhiteClock "0:28:39"]
[BlackClock "0:09:47"]

1. e4 e6 2. d4 d5 3. Nc3 Bb4 4. Nge2 dxe4 5. a3 Bxc3+ 6. Nxc3 f5 7. Bf4 Nf6 8.
Qd2 O-O 9. Bc4 c6 10. f3 exf3 11. gxf3 b5 12. Bb3 Nd5 13. Rg1 Nxf4 14. Qxf4 Qf6
15. O-O-O Na6 16. Ne2 Kh8 17. Ng3 g6 18. h4 Bb7 19. Ne2 c5 20. h5 g5 21. Rxg5
Bxf3 22. Rg6 hxg6 23. hxg6 Rfd8 24. Qh6+ Kg8 25. Bxe6+ Qxe6 26. Qh7+ Kf8 27.
g7+ Ke8 28. g8=Q+ Qxg8 29. Qxg8+ Kd7 30. dxc5+ Ke7 31. Qg7+ 1-0

[Event "Gibraltar ChallWk1 13th"]
[Site "Gibraltar"]
[Date "2015.01.27"]
[Round "2.12"]
[White "Nieto Asencio, Maria Del Carme"]
[Black "Elishev, Ivan"]
[Result "1/2-1/2"]
[ECO "D00"]
[WhiteElo "1985"]
[BlackElo "2153"]
[PlyCount "87"]
[EventDate "2015.01.26"]
[EventType "swiss"]
[EventRounds "5"]
[EventCountry "GGB"]
[SourceTitle "BritBase"]
[Source "www.saund.co.uk"]
[SourceDate "2018.02.10"]
[SourceVersion "1"]
[SourceVersionDate "2018.02.10"]
[SourceQuality "1"]
[TimeControl "7200+1785"]
[WhiteClock "0:08:51"]
[BlackClock "0:01:52"]

1. d4 Nf6 2. Nf3 g6 3. Nc3 d5 4. Bf4 Bg7 5. Qd2 Ne4 6. Nxe4 dxe4 7. Ne5 c5 8.
e3 O-O 9. Bc4 Nd7 10. Nxd7 Qxd7 11. c3 Rd8 12. Qe2 a6 13. a4 b6 14. O-O Bb7 15.
Rfd1 cxd4 16. cxd4 Bc6 17. Bb3 e6 18. Rdc1 Rdc8 19. h3 Bf8 20. Be5 Bd6 21. Bxd6
Qxd6 22. Bc4 Bb7 23. Qe1 Rc7 24. Bb3 Rac8 25. Rxc7 Qxc7 26. Qb4 a5 27. Qb5 Bc6
28. Qc4 Bd7 29. Qxc7 Rxc7 30. Kf1 Kf8 31. Ke1 Ke7 32. Kd2 Kd6 33. Ra3 f5 34. h4
h6 35. Ra1 Be8 36. Rc1 Rxc1 37. Kxc1 g5 38. hxg5 hxg5 39. g3 Bd7 40. Kd2 Bc6
41. Kc3 Bd7 42. Bd1 Bc6 43. Bb3 Bd7 44. Bd1 1/2-1/2

[Event "Gibraltar ChallWk1 13th"]
[Site "Gibraltar"]
[Date "2015.01.27"]
[Round "2.13"]
[White "Herman, Diego"]
[Black "Hamer, Martyn"]
[Result "1-0"]
[ECO "B02"]
[WhiteElo "2148"]
[BlackElo "2014"]
[PlyCount "105"]
[EventDate "2015.01.26"]
[EventType "swiss"]
[EventRounds "5"]
[EventCountry "GGB"]
[SourceTitle "BritBase"]
[Source "www.saund.co.uk"]
[SourceDate "2018.02.10"]
[SourceVersion "1"]
[SourceVersionDate "2018.02.10"]
[SourceQuality "1"]
[TimeControl "6600+620"]
[WhiteClock "0:01:03"]
[BlackClock "0:04:00"]

1. Nc3 Nf6 2. e4 d5 3. e5 Ne4 4. Qf3 Nxc3 5. dxc3 c5 6. Nh3 Bxh3 7. Qxh3 e6 8.
Bb5+ Nc6 9. Bxc6+ bxc6 10. O-O h5 11. Re1 g6 12. Be3 Be7 13. Rad1 Qa5 14. a3
Qa4 15. b3 Qxa3 16. Bd2 Qa6 17. Ra1 Qb5 18. c4 dxc4 19. Ra5 Qb6 20. bxc4 Rd8
21. Bc3 O-O 22. Raa1 Rd7 23. Qf3 Bg5 24. Qe2 Rb8 25. g3 Qd8 26. f4 Be7 27. Qf3
Rc8 28. h3 Bf8 29. Kg2 h4 30. g4 g5 31. f5 Kg7 32. Rf1 Kh7 33. Qe4 Kg8 34. Rf2
Bg7 35. Raf1 Rd1 36. fxe6 fxe6 37. Qg6 Rxf1 38. Qxe6+ Kh8 39. Rxf1 a5 40. Bxa5
Qe8 41. Qxe8+ Rxe8 42. Bc3 Kh7 43. Rf5 Kg6 44. Kf3 Ra8 45. Ke4 Rd8 46. Rf1 Re8
47. Rd1 Re6 48. Rd7 Bf8 49. Ba5 Bg7 50. Bc7 Bf8 51. Bd6 Bg7 52. Rc7 Bh8 53.
Rxc6 1-0

[Event "Gibraltar ChallWk1 13th"]
[Site "Gibraltar"]
[Date "2015.01.27"]
[Round "2.14"]
[White "Haddock, Paul"]
[Black "Dougherty, Michael"]
[Result "0-1"]
[ECO "B22"]
[WhiteElo "1639"]
[BlackElo "2138"]
[PlyCount "80"]
[EventDate "2015.01.26"]
[EventType "swiss"]
[EventRounds "5"]
[EventCountry "GGB"]
[SourceTitle "BritBase"]
[Source "www.saund.co.uk"]
[SourceDate "2018.02.10"]
[SourceVersion "1"]
[SourceVersionDate "2018.02.10"]
[SourceQuality "1"]
[TimeControl "7200+835"]
[WhiteClock "0:06:49"]
[BlackClock "0:15:44"]

1. e4 c5 2. d4 cxd4 3. c3 g6 4. cxd4 d5 5. e5 Nc6 6. Nc3 Nh6 7. Bb5 Nf5 8. Nf3
e6 9. Bg5 Be7 10. Bxe7 Qxe7 11. a3 Bd7 12. O-O h5 13. Qd2 Rg8 14. Bxc6 Bxc6 15.
Rac1 a5 16. Qd3 g5 17. Nb5 g4 18. Nd6+ Kf8 19. Nxf5 exf5 20. Nd2 f4 21. g3 Qg5
22. Nb3 Rg6 23. Nc5 Kg7 24. Rfe1 b6 25. Nb3 Bd7 26. Rc7 Be6 27. gxf4 Qxf4 28.
Qe3 Qf5 29. Rb7 h4 30. Rc1 g3 31. fxg3 hxg3 32. hxg3 Qh3 33. Rc3 Rc8 34. Nc5
bxc5 35. dxc5 d4 36. Qxd4 Rxg3+ 37. Rxg3+ Qxg3+ 38. Kf1 Qf3+ 39. Ke1 Qxb7 40.
Qg1+ Kf8 0-1

[Event "Gibraltar ChallWk1 13th"]
[Site "Gibraltar"]
[Date "2015.01.27"]
[Round "2.15"]
[White "Burrows, Martin P"]
[Black "Bryant, Richard B E"]
[Result "1/2-1/2"]
[ECO "C18"]
[WhiteElo "2136"]
[BlackElo "1904"]
[PlyCount "50"]
[EventDate "2015.01.26"]
[EventType "swiss"]
[EventRounds "5"]
[EventCountry "GGB"]
[SourceTitle "BritBase"]
[Source "www.saund.co.uk"]
[SourceDate "2018.02.10"]
[SourceVersion "1"]
[SourceVersionDate "2018.02.10"]
[SourceQuality "1"]
[TimeControl "7200+1010"]
[WhiteClock "0:32:50"]
[BlackClock "1:12:39"]

1. e4 e6 2. d4 d5 3. Nc3 Bb4 4. e5 c5 5. a3 Ba5 6. b4 cxd4 7. Nb5 Bc7 8. f4 Nc6
9. Nf3 Nge7 10. Bd3 a6 11. Nxc7+ Qxc7 12. O-O Nf5 13. Bxf5 exf5 14. Bb2 Be6 15.
Nxd4 O-O 16. Rf3 Rac8 17. Rc1 Qb6 18. Kh1 a5 19. Nxc6 Qxc6 20. Bd4 axb4 21.
axb4 Qc4 22. c3 Ra8 23. Ra1 Ra6 24. Rxa6 Qxa6 25. Rf1 Ra8 1/2-1/2

[Event "Gibraltar ChallWk1 13th"]
[Site "Gibraltar"]
[Date "2015.01.27"]
[Round "2.16"]
[White "Byron, Alan M"]
[Black "Odeh, Kenneth"]
[Result "1-0"]
[ECO "B12"]
[WhiteElo "2188"]
[BlackElo "1982"]
[PlyCount "153"]
[EventDate "2015.01.26"]
[EventType "swiss"]
[EventRounds "5"]
[EventCountry "GGB"]
[SourceTitle "BritBase"]
[Source "www.saund.co.uk"]
[SourceDate "2018.02.10"]
[SourceVersion "1"]
[SourceVersionDate "2018.02.10"]
[SourceQuality "1"]
[TimeControl "7200+1435"]
[WhiteClock "0:01:56"]
[BlackClock "0:00:22"]

1. e4 c6 2. d4 d5 3. e5 c5 4. dxc5 e6 5. Be3 Nc6 6. Nf3 Nge7 7. c3 Ng6 8. Bb5
Bd7 9. Bxc6 Bxc6 10. O-O Qc7 11. Bd4 Bb5 12. Re1 Bxc5 13. a4 Bd7 14. Na3 Bxd4
15. Qxd4 O-O 16. Nc2 a6 17. h4 Rac8 18. h5 Ne7 19. Qb4 Nc6 20. Qh4 Qd8 21. Qg3
f5 22. h6 g6 23. Qf4 Qe7 24. Rec1 Na5 25. Ncd4 Rc4 26. Qg5 Qxg5 27. Nxg5 Re8
28. b3 Rcc8 29. f4 Nc6 30. Ngf3 Nd8 31. Ng5 Nc6 32. Ngf3 Nd8 33. Ng5 Nc6 34.
Nxc6 Rxc6 35. Rc2 Rec8 36. Rac1 R8c7 37. Nf3 Kf7 38. Kf2 Rc8 39. Ke3 Rc5 40.
Kd2 R5c7 41. Kd3 Rc5 42. Kd2 R5c7 43. Rg1 b5 44. axb5 Bxb5 45. Ng5+ Ke7 46. Rh1
Rh8 47. Nf3 Kd7 48. Nd4 Bc6 49. Ra1 Bb7 50. Ra5 Rhc8 51. Kd3 Rb8 52. g3 Bc8 53.
b4 Rb6 54. Nb3 Ke7 55. Nc5 Kf7 56. Rca2 Rcc6 57. Kd4 g5 58. fxg5 Kg6 59. b5
Rxb5 60. Rxb5 axb5 61. Ra7 Kxg5 62. Rxh7 Kg6 63. Rh8 Kf7 64. Rd8 Kg6 65. Rd6
Rxd6 66. exd6 Kxh6 67. Ke5 Kg5 68. Nxe6+ Kg4 69. Nd4 Kxg3 70. Nxf5+ Kf3 71.
Nd4+ Ke3 72. Nxb5 Bd7 73. Nc7 Kd3 74. Nxd5 Kc2 75. c4 Kb3 76. c5 Ka4 77. Nb6+
1-0

[Event "Gibraltar ChallWk1 13th"]
[Site "Gibraltar"]
[Date "2015.01.28"]
[Round "3.2"]
[White "Dougherty, Michael"]
[Black "Sanchez Botella, Luis Javier"]
[Result "0-1"]
[ECO "A30"]
[WhiteElo "2138"]
[BlackElo "2246"]
[PlyCount "70"]
[EventDate "2015.01.26"]
[EventType "swiss"]
[EventRounds "5"]
[EventCountry "GGB"]
[SourceTitle "BritBase"]
[Source "www.saund.co.uk"]
[SourceDate "2018.02.10"]
[SourceVersion "1"]
[SourceVersionDate "2018.02.10"]
[SourceQuality "1"]
[TimeControl "7200+1805"]
[WhiteClock "0:01:38"]
[BlackClock "0:11:08"]

1. c4 Nf6 2. Nc3 c5 3. Nf3 e6 4. g3 b6 5. Bg2 Bb7 6. O-O Be7 7. Re1 a6 8. e4 d6
9. d4 cxd4 10. Nxd4 Qc7 11. Be3 O-O 12. Rc1 Nbd7 13. f4 Rfe8 14. Bf2 g6 15. e5
dxe5 16. fxe5 Nh5 17. Nd5 Qc8 18. Nxe7+ Rxe7 19. b4 Bxg2 20. Kxg2 Ng7 21. Qf3
Nf5 22. Nc6 Re8 23. g4 Ne7 24. Nxe7+ Rxe7 25. c5 bxc5 26. bxc5 Rb8 27. c6 Nb6
28. Bc5 Rc7 29. Bd6 Nd5 30. Rc2 g5 31. Rd1 Rxc6 32. Rcd2 Rb5 33. Be7 Rc3 34.
Qe4 Qc6 35. Kg1 Nxe7 0-1

[Event "Gibraltar ChallWk1 13th"]
[Site "Gibraltar"]
[Date "2015.01.28"]
[Round "3.3"]
[White "Longa Yauca, Javier"]
[Black "Agrest, Inna"]
[Result "1-0"]
[ECO "E67"]
[WhiteElo "2245"]
[BlackElo "2179"]
[PlyCount "75"]
[EventDate "2015.01.26"]
[EventType "swiss"]
[EventRounds "5"]
[EventCountry "GGB"]
[SourceTitle "BritBase"]
[Source "www.saund.co.uk"]
[SourceDate "2018.02.10"]
[SourceVersion "1"]
[SourceVersionDate "2018.02.10"]
[SourceQuality "1"]
[TimeControl "6600+1670"]
[WhiteClock "0:30:08"]
[BlackClock "0:00:13"]

1. c4 Nf6 2. Nc3 g6 3. d4 Bg7 4. g3 O-O 5. Bg2 d6 6. Nf3 Nbd7 7. O-O e5 8. e3
Re8 9. b3 c6 10. Ba3 exd4 11. Nxd4 Nc5 12. Qc2 Qe7 13. Rad1 Bg4 14. Rd2 Rac8
15. h3 Bd7 16. Kh2 h5 17. Rfd1 h4 18. gxh4 Qe5+ 19. Kg1 Qh5 20. b4 Na6 21. Nf3
Bf5 22. Qb3 Ne4 23. Nxe4 Bxe4 24. Ng5 Bxg2 25. Kxg2 Qxh4 26. Nf3 Qh5 27. Rxd6
Nc7 28. Bb2 Ne6 29. Bxg7 Nxg7 30. c5 Nf5 31. Rd7 g5 32. Qc4 Rxe3 33. Qg4 Qxg4+
34. hxg4 Rxf3 35. Kxf3 Nh4+ 36. Kg3 Kg7 37. Rd8 Rxd8 38. Rxd8 1-0

[Event "Gibraltar ChallWk1 13th"]
[Site "Gibraltar"]
[Date "2015.01.28"]
[Round "3.4"]
[White "Vea, Odin Blikra"]
[Black "Herman, Diego"]
[Result "1-0"]
[ECO "B00"]
[WhiteElo "2242"]
[BlackElo "2148"]
[PlyCount "191"]
[EventDate "2015.01.26"]
[EventType "swiss"]
[EventRounds "5"]
[EventCountry "GGB"]
[SourceTitle "BritBase"]
[Source "www.saund.co.uk"]
[SourceDate "2018.02.10"]
[SourceVersion "1"]
[SourceVersionDate "2018.02.10"]
[SourceQuality "1"]
[TimeControl "6600+680"]
[WhiteClock "0:04:53"]
[BlackClock "0:02:57"]

1. e4 Nc6 2. d4 d6 3. Nc3 e5 4. d5 Nce7 5. Be3 f5 6. f3 Nf6 7. Be2 a6 8. g4
fxg4 9. fxg4 Ng6 10. g5 Nd7 11. Qd2 Be7 12. h4 O-O 13. O-O-O b5 14. Rf1 Nb6 15.
Nf3 Bd7 16. Ne1 b4 17. Nd1 Bb5 18. Rxf8+ Qxf8 19. Ng2 Qe8 20. h5 Nf4 21. Nxf4
exf4 22. Bxf4 c6 23. Ne3 Bxe2 24. Qxe2 cxd5 25. Nxd5 Nxd5 26. exd5 Qf7 27. Bd2
Qxd5 28. Re1 Qxa2 29. Qe6+ Qxe6 30. Rxe6 Kf7 31. Re4 a5 32. g6+ hxg6 33. hxg6+
Kf8 34. c3 bxc3 35. Bxc3 a4 36. Rf4+ Kg8 37. Rf7 Bf8 38. Rd7 a3 39. b3 Rc8 40.
Kd2 Re8 41. Ra7 d5 42. Kd3 Rb8 43. b4 Rb6 44. Rxa3 Rxg6 45. Ra5 Rg3+ 46. Kc2 d4
47. Bd2 Rg2 48. Ra8 Kf7 49. Kd3 Be7 50. b5 Bf6 51. b6 Rg3+ 52. Kc4 Be5 53. b7
Rg6 54. b8=Q Bxb8 55. Rxb8 Rc6+ 56. Kxd4 Rd6+ 57. Ke3 Rd7 58. Bc3 Kg6 59. Ke4
Rc7 60. Bd4 Re7+ 61. Be5 Ra7 62. Rb1 Rf7 63. Rg1+ Kh7 64. Bf4 Kg8 65. Kf3 Rb7
66. Kg4 Kh7 67. Be5 Re7 68. Kf5 Rf7+ 69. Kg5 Re7 70. Ba1 Ra7 71. Rh1+ Kg8 72.
Be5 Ra5 73. Kf5 Ra7 74. Ke6 Ra6+ 75. Bd6 Ra7 76. Rf1 Rb7 77. Rf8+ Kh7 78. Be7
Rb2 79. Bd6 Rb7 80. Rf1 Kg8 81. Ra1 Kh7 82. Ra4 Kg8 83. Ra8+ Kh7 84. Be7 Rb2
85. Ra7 Re2+ 86. Kf7 Rf2+ 87. Ke8 Re2 88. Kd7 Rd2+ 89. Bd6 Re2 90. Kc6 Rd2 91.
Be5 Rg2 92. Kd6 Kg8 93. Ke6 Kh7 94. Ra3 Kg8 95. Bf4 Kh7 96. Kf7 1-0

[Event "Gibraltar ChallWk1 13th"]
[Site "Gibraltar"]
[Date "2015.01.28"]
[Round "3.5"]
[White "Urbina Perez, Juan Antonio"]
[Black "Rodriguez Alvarez, Vidal"]
[Result "1-0"]
[ECO "B40"]
[WhiteElo "2221"]
[BlackElo "2122"]
[PlyCount "77"]
[EventDate "2015.01.26"]
[EventType "swiss"]
[EventRounds "5"]
[EventCountry "GGB"]
[SourceTitle "BritBase"]
[Source "www.saund.co.uk"]
[SourceDate "2018.02.10"]
[SourceVersion "1"]
[SourceVersionDate "2018.02.10"]
[SourceQuality "1"]
[TimeControl "7200+815"]
[WhiteClock "0:07:17"]
[BlackClock "0:10:00"]

1. e4 c5 2. Nf3 e6 3. g3 Nc6 4. Bg2 Nf6 5. Qe2 e5 6. O-O Be7 7. c3 O-O 8. Rd1
d5 9. d3 d4 10. Na3 Nd7 11. Bd2 Rb8 12. cxd4 cxd4 13. Rac1 Re8 14. Rf1 Nb4 15.
Nc4 f6 16. a3 Nc6 17. b4 b5 18. Nd6 Bxd6 19. Rxc6 Nb6 20. Nh4 Bf8 21. f4 Bd7
22. Rcc1 Rc8 23. fxe5 fxe5 24. Bf3 Be6 25. Bh5 g6 26. Nxg6 hxg6 27. Bxg6 Qd7
28. Bxe8 Qxe8 29. Rxc8 Nxc8 30. Bg5 Bg7 31. Bf6 Nb6 32. Bxg7 Kxg7 33. Qd2 Qg6
34. Qc1 Nc4 35. a4 Ne3 36. Qc7+ Kh6 37. Rf8 Qg7 38. Qd8 bxa4 39. Rf6+ 1-0